AoeStats
← Dravenbuff

Arena

504137509Analyzed
4v4 RM · 28d ago on Sep 4, 2026· 40m 55s· 8 players
Game mode
Random Map
Map size
Large (8 player)
Population
200
Speed
Normal
Resources
Standard
Victory
Conquest
Starting age
Dark Age
Ending age
Imperial Age
RankedLock teamsTeams togetherTeam positionsShared explorationLock speedFull tech treeHidden civsTurbo modeCheats
Victory
Defeat
🇺🇾 Britons · Uruguay
972
+13
🇺🇾 Burgundians · Uruguay
945
+14
🇺🇾 Turks · Uruguay
912
+15
🇺🇾 Sicilians · Uruguay
861
+17
🇲🇽 Byzantines · Mexico
962
-18
🇨🇴 Burgundians · Colombia
910
-15
🇨🇴 Bulgarians · Colombia
862
-31
🇲🇽 Magyars · Mexico
858
-13
Espartan HS
10:36 Feudal Age
15:22 Castle Age
14:40 Double-Bit Axe
14:37 Horse Collar
18:22 Loom
23:12 Elite Skirmisher
26:42 Wheelbarrow
26:10 Fletching
26:20 Padded Archer Armor
28:12 Bow Saw
28:04 Heavy Plow
29:06 Thumb Ring
31:41 Imperial Age
29:22 Pikeman
30:02 Squires
29:48 Gambesons
30:37 Loom
31:11 Hand Cart
32:11 Husbandry
32:43 Conscription
32:42 Gold Mining
32:46 Stone Mining
34:01 Two-Man Saw
34:19 Halberdier
36:00 Gold Shaft Mining
36:56 Chemistry
36:48 Bodkin Arrow
37:05 Forging
37:01 Scale Barding Armor
Eli Correa 3950
10:27 Feudal Age
11:54 Wheelbarrow
18:40 Castle Age
16:52 Double-Bit Axe
16:56 Horse Collar
19:44 Hand Cart
21:57 Bow Saw
21:51 Heavy Plow
24:57 Loom
25:16 Gold Mining
25:49 Stone Mining
27:33 Treadmill Crane
30:42 Imperial Age
31:27 Scale Barding Armor
31:16 Capped Ram
31:22 Elite Magyar Huszar
33:44 Chain Barding Armor
37:00 Crossbowman
37:47 Thumb Ring
37:56 Fletching
38:08 Padded Archer Armor
39:24 Elite Skirmisher
39:34 Arbalester
40:42 Bodkin Arrow
41:02 Leather Archer Armor
DeadpanFox71524
8:13 Double-Bit Axe
8:58 Horse Collar
10:42 Wheelbarrow
11:01 Wheelbarrow
12:40 Feudal Age
18:38 Castle Age
18:14 Bow Saw
21:52 Cavalier
22:28 Loom
22:57 Town Watch
24:06 Forging
23:58 Husbandry
27:22 Hand Cart
27:35 Gold Mining
31:24 Iron Casting
30:55 Scale Barding Armor
35:48 Imperial Age
36:26 Chain Barding Armor
37:38 Chemistry
36:27 Paladin
38:25 Blast Furnace
38:39 Plate Barding Armor
Pendragon
9:57 Feudal Age
23:30 Castle Age
24:51 Wheelbarrow
34:37 Squires
Lord Haliax
10:25 Feudal Age
14:05 Loom
16:42 Castle Age
15:32 Fletching
15:59 Double-Bit Axe
18:11 Bow Saw
24:32 Padded Archer Armor
25:40 Leather Archer Armor
25:59 Bow Saw
25:43 Gold Mining
31:00 Imperial Age
29:20 Ballistics
32:13 Elite Janissary
34:04 Wheelbarrow
36:18 Ring Archer Armor
35:53 Artillery
Dravenbuff
11:38 Feudal Age
17:10 Castle Age
20:56 Double-Bit Axe
22:42 Horse Collar
25:37 Wheelbarrow
36:14 Imperial Age
37:48 Hand Cart
38:42 Conscription
Ramza
7:19 Double-Bit Axe
9:21 Horse Collar
11:22 Feudal Age
13:16 Bow Saw
13:57 Loom
17:03 Castle Age
15:14 Heavy Plow
18:38 Wheelbarrow
19:07 Two-Man Saw
28:23 Imperial Age
26:15 Scale Barding Armor
27:37 Hand Cart
27:32 Husbandry
28:03 Chain Barding Armor
27:55 Forging
27:15 Cavalier
30:26 Chemistry
31:19 Iron Casting
30:46 Paladin
33:53 Plate Barding Armor
brandon_3110
11:55 Feudal Age
15:31 Castle Age
13:47 Horse Collar
15:24 Double-Bit Axe
16:29 Loom
19:29 Wheelbarrow
18:54 Town Watch
20:40 Heavy Plow
22:30 Fletching
27:58 Imperial Age
27:11 Hand Cart
27:15 Bow Saw
28:19 Elite Longbowman
29:23 Gold Mining
29:23 Stone Mining
30:43 Chemistry
30:42 Pikeman
32:03 Town Patrol
32:31 Ballistics
32:10 Bodkin Arrow
35:06 Bracer
35:07 Padded Archer Armor
35:17 Forging
35:07 Scale Mail Armor
35:48 Halberdier
36:39 Warwolf
37:07 Leather Archer Armor
39:58 Yeomen
41:01 Ring Archer Armor
40:47 Chain Mail Armor
41:07 Iron Casting
Connection lost

Rejoining the realm…

Still unreachable

The connection could not be restored.

Session expired

The server has moved on; the page needs a fresh start.